 Dungeon Crawl Stone Soup version 0.27-a0-1325-g58a489ad9e (webtiles) character file.

Game seed: 12799696316014559716

58 dinky3 the Covert (level 3, 0/17 (20) HPs)
             Began as a Spriggan Delver on June 24, 2021.
             Was an Initiate of Ashenzari.
             Slain by an adder (3 damage)
             ... on level 2 of the Dungeon.
             The game lasted 00:03:49 (652 turns).

dinky3 the Covert (Spriggan Delver)                  Turns: 652, Time: 00:03:50

HP:   0/17 (20)     AC:  2    Str:  8    XL:     3   Next: 76%
MP:   4/4           EV: 17    Int: 12    God:    Ashenzari [......]
Gold: 54            SH:  0    Dex: 16    Spells: 2/2 levels left

rFire    . . .     SeeInvis +   k - +0 dagger
rCold    . . .     Faith    .   (shield restricted)
rNeg     . . .     Spirit   .   b - +0 robe "Celestial Serendipity" {Range, Comp} (curse)
rPois    .         Reflect  .   (helmet restricted)
rElec    .         Harm     .   (no cloak)
rCorr    .         Rampage  .   (gloves unavailable)
Will     .....                  (boots unavailable)
Stlth    ++++......             (no amulet)
HPRegen  0.05/turn              m - ring of wizardry
MPRegen  0.09/turn              (no ring)

@: heavily drained, very quick
A: very small, no large weapons, unfitting armour, see invisible, speed 3
a: Renounce Religion, Shatter the Chains


You were on level 2 of the Dungeon.
You worshipped Ashenzari.
Ashenzari was noncommittal.
You visited 1 branch of the dungeon, and saw 5 of its levels.

You collected 54 gold pieces.

Inventory:

Hand Weapons
 a - a +0 short sword
 k - a +0 dagger (weapon)
Armour
 b - the cursed +0 robe "Celestial Serendipity" (worn) {Range, Comp}

   It has a curse which improves the following skills: Ranged Combat: Slings,
   Bows, Crossbows and Throwing.
   Companions: Summonings and Necromancy.
 h - a scarf of resistance
Jewellery
 m - a ring of wizardry (left hand)
Wands
 f - a wand of polymorph (5)
 g - a wand of digging (2)
 i - a wand of flame (13)
Scrolls
 c - a scroll of fog
 j - a scroll of immolation
 l - 2 scrolls of enchant armour
Potions
 d - 2 potions of curing
 n - a potion of ambrosia


   Skills:
 + Level 3.0 Fighting
 + Level 3.2 Short Blades
 - Level 2.6 Dodging
 + Level 8.0 Stealth


You had 2 spell levels left.
You didn't know any spells.
Your spell library was empty.

Dungeon Overview and Level Annotations

Branches:
Dungeon (5/15)
 Temple: D:4-7

Altars:
Ashenzari
Dithmenos
Elyvilon
Fedhas
Gozag
Vehumet

Annotations:
D:4 2 runed translucent doors


Innate Abilities, Weirdness & Mutations

You are very small and have problems with some larger weapons.
You are too small for most types of armour.
You have supernaturally acute eyesight. (SInv)
You cover ground extremely quickly. (Speed+++)


Message History

You see here 21 arrows.
You open the door.
There is an open door here.
There is a stone staircase leading down here.
You climb downwards.
There is a stone staircase leading up here.
A frilled lizard and a jackal come into view.
Found a stone staircase leading down.
An adder comes into view.
There is a stone staircase leading down here.
You climb downwards.
A frilled lizard, 3 orcs and 2 orc wizards come into view.
An orc is wielding a +1 whip of draining.
An orc wizard is wielding a +2 dagger of protection.
The orc shouts!
The orc wizard shouts!
The orc shouts!
You hear a shout!
A worm comes into view.
The orc hits you with a +1 whip of draining.
You feel drained. The orc completely misses you.
The orc shouts!
The orc wizard shouts!
You hear an angry hiss.
Found a +0 club, 18 stones, a scroll of enchant weapon and 5 gold pieces.
There is a stone staircase leading up here.
The frilled lizard hisses angrily.
The orc wizard casts a spell.
The orc wizard flickers and vanishes for a moment.
The orc hits you with a +1 whip of draining.
* * * LOW HITPOINT WARNING * * *
You feel drained.
* * * LOW HITPOINT WARNING * * *
The orc misses you.
You climb upwards.
There is a stone staircase leading down here.
As you read the scroll of fear, it crumbles to dust.
You assume a fearsome visage.
The orc looks frightened! x2
Press: ? - help, v - describe, . - travel The floor.
Found a scroll of identify.
You see here a scroll of identify.
You see here 18 stones.
The adder hisses angrily.
The adder bites you.
You die...

#... #.....####......#
##...# #...............#
.....######.....####......#
##............# ###.####
#......########### .#
#.#..#..#. ...# .#
#####.#..##...####.?# .#
............#..#S..#
....#.##........@# #
.<....##.....#..(#### .#
......#.......##....##..#
......#.......###.?.....#
......#<......# #...##...#
.....###.....####...# ..#
#....##.....o..>....# #
#.##..........###...#
#.##..........# #...#


You could see an adder.

Vanquished Creatures
  Terence (D:3)
  A howler monkey skeleton (D:5)
  A worm (D:3)
  5 ball pythons (D:1)
  4 bats
  A giant cockroach (D:1)
  A goblin (D:1)
  3 hobgoblins
  A jackal (D:1)
  A rat (D:3)
19 creatures vanquished.

Notes
Turn   | Place    | Note
-------+----------+-------------------------------------------
     0 | D:5      | dinky3 the Spriggan Delver began the quest for the Orb.
     0 | D:5      | Reached XP level 1. HP: 11/11 MP: 2/2
    43 | D:5      | Noticed an orc wizard
    74 | D:5      | Noticed a hound
    93 | D:5      | Found a radiant altar of Vehumet.
    96 | D:5      | Found a blossoming altar of Fedhas.
   101 | D:5      | Found a shadowy altar of Dithmenos.
   105 | D:5      | Found an opulent altar of Gozag.
   111 | D:5      | Found a white marble altar of Elyvilon.
   114 | D:5      | Found a broken altar of Ashenzari.
   118 | D:5      | Became a worshipper of Ashenzari the Shackled
   126 | D:5      | Noticed an ogre
   126 | D:5      | Noticed a scorpion
   149 | D:5      | Reached XP level 2. HP: 16/16 MP: 3/3
   186 | D:4      | Found a runed translucent gate.
   186 | D:4      | Found a runed translucent gate.
   187 | D:4      | Noticed a phantom
   275 | D:3      | Noticed Terence
   277 | D:3      | Killed Terence
   278 | D:3      | Reached XP level 3. HP: 19/19 MP: 4/4
   404 | D:1      | Found a faded altar of an unknown god.
   472 | D:1      | Reached skill level 8 in Stealth
   652 | D:2      | Slain by an adder

Illustrated notes

Levels and vault maps discovered:
D:1:      evilmike_arrival_rings, layout_basic,
          hellmonk_ecumenical_altar_prayer_group
D:2:      layout_rooms
D:3:      layout_loops_ring, uniq_terence
D:4:      layout_basic, minmay_temple_entry_arrows, ebering_ghost_rock_garden,
          kennysheep_generic_room_14
D:5:      layout_rooms, nicolae_ru_great_annihilating_truth, old_standard_altar,
          kennysheep_mini, grunt_temple_overflow_octagram,
          nicolae_ossuary_entry_ruins, st_stairs_3, hangedman_decor_opposing,
          uniq_duvessa

Skill      XL: |  1  2  3 |
---------------+----------+-----
Short Blades   | 3 |  3.2
Fighting       | 3 |  3.0
Stealth        | 8 |  8.0
Dodging        | |  2.6

Action                   || total
-------------------------++-------
Melee: Short sword       ||    27
       Dagger            ||    26
Invok: Curse Item        ||     1
Evoke: Wand              ||     1
  Use: Scroll            ||     3
       Potion            ||     1
 Stab: Sleeping          ||    11
Armor: Robe              ||     7
Dodge: Dodged            ||    49

Table legend: (Time is in decaauts)
 A = Elapsed time spent in this place.
 B = Non-inter-level travel time spent in this place.
 C = Inter-level travel time spent in this place.
 D = Time resting spent in this place.
 E = Time spent auto-exploring this place.
 F = Levels seen in this place.
 G = Mean time per level.
                   A        B        C        D        E       F      G
               +--------+--------+--------+--------+--------+-----+--------+
         Total |    412 |    412 |      0 |      0 |      0 |   5 |   82.4 |
       Dungeon |    412 |    412 |      0 |      0 |      0 |   5 |   82.4 |
               +--------+--------+--------+--------+--------+-----+--------+

Top non-repeatable levels by time:
     D:1: 208 daAuts
     D:5: 83 daAuts
     D:4: 61 daAuts
     D:2: 31 daAuts
     D:3: 26 daAuts
